 Dungeon Crawl Stone Soup version 0.26.1-11-gd32895ea62 (webtiles) character file.

Game seed: 17698925902002073529

214 Almogavar the Covert (level 5, -5/35 HPs)
             Began as an Octopode Brigand on June 21, 2021.
             Slain by a lemure (6 damage)
             ... led by Pikel
             ... on level 3 of the Dungeon.
             The game lasted 00:06:04 (3192 turns).

Almogavar the Covert (Octopode Brigand)             Turns: 3192, Time: 00:06:05

Health: -5/35      AC:  1    Str: 11    XL:     5   Next: 92%
Magic:  5/5        EV: 13    Int: 13    God:
Gold:   124        SH:  0    Dex: 14    Spells: 4/4 levels left

rFire    . . .     SeeInvis .   a - +2 dagger
rCold    . . .     Faith    .   (no shield)
rNeg     . . .     Spirit   .   (helmet restricted)
rPois    .         Reflect  .   m - amulet of regeneration
rElec    .         Harm     .   (no ring)
rCorr    .         Rampage  .   (no ring)
Will     .....                  (no ring)
Stlth    +++++.....             (no ring)
HPRegen  0.51/turn              (no ring)
MPRegen  0.09/turn              (no ring)
                                (no ring)
                                (no ring)

@: no status effects
A: almost no armour, stealthy swim, amphibious, 8 rings, constrict 8, camouflage
1, gelatinous body 1
a: no special abilities


You were on level 3 of the Dungeon.
You visited 1 branch of the dungeon, and saw 4 of its levels.

You collected 124 gold pieces.

Inventory:

Hand Weapons
 a - a +2 dagger (weapon)
 d - a +1 vampiric short sword
 i - a +0 club
Missiles
 b - 8 poisoned darts (quivered)
 c - 2 curare-tipped darts
Armour
 s - a +0 buckler
Jewellery
 f - a cursed -4 ring of strength {unknown}
 m - an amulet of regeneration (around mantle)
Wands
 o - a wand of digging (7)
Scrolls
 e - 3 scrolls of remove curse
 g - a scroll of fog
 q - a scroll of enchant weapon {unknown}
 r - a scroll of teleportation {unknown}
Potions
 j - a potion of curing
 l - a potion of might {unknown}
 n - a potion of berserk rage {unknown}
 p - 3 potions of flight {unknown}


   Skills:
 + Level 2.7 Fighting
 + Level 3.1 Short Blades
 + Level 2.2 Throwing
 + Level 1.5 Dodging
 + Level 8.1 Stealth


You had 4 spell levels left.
You didn't know any spells.
Your spell library was empty.

Dungeon Overview and Level Annotations

Branches:
Dungeon (4/15)
 Temple: D:4-7

Altars:

Annotations:
D:4 Pikel


Innate Abilities, Weirdness & Mutations

You cannot wear most types of armour.
You are very stealthy in the water. (Stealth+)
You are amphibious.
You can wear up to eight rings at the same time.
You can use your tentacles to constrict eight enemies at once.
Your skin changes colour to match your surroundings (Stealth+).
Your rubbery body absorbs attacks. (AC +1, EV +1)


Message History

You hit the lemure but do no damage. Your grab misses the lemure.
The lemure is lightly wounded.
The lemure hits you. The lemure hits you!
* * * LOW HITPOINT WARNING * * *
You hit the lemure but do no damage. You grab the lemure.
You squeeze the lemure.
The lemure is lightly wounded.
You constrict the lemure, but do no damage.
The lemure barely misses you.
You hit the lemure.
The lemure is lightly wounded.
You constrict the lemure. The lemure misses you. The lemure barely misses you.
You hit the lemure.
The lemure is moderately wounded.
You constrict the lemure. The lemure hits you!
* * * LOW HITPOINT WARNING * * *
You hit the lemure.
The lemure is heavily wounded.
You constrict the lemure. The lemure hits you.
You die...

...#### #......#
##.## .#.##.##
##..#.#.# #.#
.#.#.#.####....#..#
#.#
.#..###.##....###.##
#.# ...## ##.....##
##.###[#
##..###.###.##
##.##.# ##.#.#.##
##.## ##.....#
##.##.##
##.###5######
...#### ##.#@## ####
##5## ###


You could see 2 lemures.

Vanquished Creatures
  A phantom (D:4)
  A lemure (D:4)
  A worker ant (D:4)
  Robin (D:2)
  4 gnolls
  An adder (D:4)
  3 leopard geckos
  2 giant cockroaches
  10 goblins
  12 hobgoblins
  3 jackals (D:4)
  A quokka (D:2)
  4 bats
  A frilled lizard (D:3)
  A kobold (D:1)
  5 rats
51 creatures vanquished.

Notes
Turn   | Place    | Note
-------+----------+-------------------------------------------
     0 | D:1      | Almogavar the Octopode Brigand began the quest for the Orb.
     0 | D:1      | Reached XP level 1. HP: 14/14 MP: 1/1
   207 | D:1      | Reached XP level 2. HP: 19/19 MP: 2/2
   474 | D:1      | Reached skill level 6 in Stealth
   669 | D:2      | Noticed Robin
   684 | D:2      | Killed Robin
   685 | D:2      | Reached XP level 3. HP: 13/24 MP: 3/3
  2348 | D:2      | Reached skill level 7 in Stealth
  2348 | D:2      | Reached XP level 4. HP: 24/29 MP: 4/4
  3110 | D:4      | Noticed a phantom
  3116 | D:4      | Reached XP level 5. HP: 35/35 MP: 5/5
  3119 | D:4      | Killed a phantom
  3120 | D:4      | Reached skill level 8 in Stealth
  3147 | D:4      | Noticed a lemure
  3148 | D:4      | Noticed Pikel
  3149 | D:4      | Noticed a lemure
  3150 | D:4      | Noticed a lemure
  3151 | D:4      | Noticed a lemure
  3164 | D:4      | Killed a lemure
  3191 | D:3      | HP: 1/35 [lemure[Pikel] (8)]
  3192 | D:3      | Slain by a lemure

Illustrated notes

Levels and vault maps discovered:
D:1:      onia_arrival_pyramid, layout_basic, hangedman_decor_push
D:2:      layout_loops_corners, uniq_robin
D:3:      layout_loops_corners
D:4:      layout_cave_pools, nicolae_overflow_hidden_temple, uniq_pikel

Skill      XL: |  1  2  3  4  5 |
---------------+----------------+-----
Stealth        | 6 7 8 |  8.1
Short Blades   | 3 |  3.1
Fighting       | |  2.7
Throwing       | |  2.2
Dodging        | |  1.5

Action                   |  1- 3 |  4- 6 || total
-------------------------+-------+-------++-------
Melee: Dagger            |    74 |    45 ||   119
       Tentacles         |    15 |    12 ||    27
       Constrict         |    17 |     9 ||    26
  Use: Scroll            |       |     5 ||     5
 Stab: Sleeping          |    13 |     4 ||    17
Armor: Skin              |     1 |     1 ||     2
Dodge: Dodged            |    31 |    23 ||    54
